Map: Port Aleksander LE

Players

aGaham

  • Race: Zerg Zerg
  • League: Master
  • Spawn Location: 5:00

Melle - Winner!

  • Race: Protoss Protoss
  • League: Master
  • Spawn Location: 11:00

Event: DSCL Nationals 2018 - Finals

VOD

Have the link to the VOD?

Description

Time

  • Played on: Dec. 1, 2018, 6:29 a.m.
  • Length: 19:00

All games in this series

Show
View Real Time Build Order
Export as new Build Order

aGaham Zerg 

Build Orders: Pool First, Roach Hydra 

Get SALT Encoding   

  12  0:00  Drone  
  13  0:12  Overlord  
  13  0:18  Drone  
  14  0:30  Drone x2  
  14  0:34  Drone  
  17  0:45  Spawning Pool  
  17  0:49  Drone  
  17  0:58  Drone  
  18  1:13  Hatchery  
  18  1:17  Extractor  
  16  1:21  Drone x2  
  18  1:32  Queen  
  20  1:53  Hatchery  
  19  1:57  Zergling x2  
  20  2:02  Zergling x2  
  20  2:08  Overlord  
  21  2:17  Metabolic Boost  
  21  2:22  Drone  
  22  2:26  Drone  
  23  2:34  Zergling x4  
  25  2:41  Zergling x6  
  28  2:46  Zergling x2  
  29  2:54  Zergling x6  
  31  3:07  Zergling x6  
  33  3:13  Zergling x2  
  33  3:22  Drone x4  
  37  3:28  Drone  
  37  3:29  Drone x2  
  40  3:35  Drone x2  
  40  3:53  Drone x2  
  41  3:58  Overlord  
  41  4:01  Extractor  
  41  4:02  Extractor  
  39  4:03  Extractor, Drone x3  
  39  4:04  Extractor x2, Drone  
  39  4:05  Drone  
  46  4:13  Overlord x2  
  46  4:16  Queen  
  48  4:23  Queen  
  50  4:30  Roach Warren  
  49  4:32  Drone x3  
  49  4:33  Drone  
  49  4:35  Drone x2  
  49  4:38  Drone x2  
  57  4:41  Spore Crawler  
  57  4:44  Drone x2  
  57  4:45  Drone  
  58  4:49  Spore Crawler  
  57  5:00  Lair, Overlord  
  56  5:09  Overlord x3  
  56  5:13  Queen, Extractor  
  57  5:17  Queen  
  57  5:20  Drone x5  
  57  5:21  Drone  
  65  5:33  Drone x7  
  72  5:39  Extractor, Overlord x3  
  69  5:54  Drone x4  
  72  6:03  Hydralisk Den  
  72  6:04  Evolution Chamber  
  69  6:06  Drone x7  
  69  6:09  Roach x4  
  84  6:20  Roach x2  
  87  6:27  Drone x3  
  87  6:31  Extractor  
  89  6:35  Extractor, Drone x5  
  89  6:36  Muscular Augments  
  89  6:38  Overlord  
  89  6:39  Overlord x2  
  93  6:49  Extractor  
  91  6:55  Glial Reconstitution  
  91  6:56  Hydralisk x4  
  99  7:06  Zerg Missile Weapons Level 1  
  99  7:18  Hydralisk x3  
  103  7:34  Hydralisk x4  
  111  7:40  Hydralisk x2  
  115  7:56  Hydralisk x4  
  121  7:59  Queen x2  
  121  8:00  Queen  
  127  8:09  Hydralisk x4  
  135  8:20  Hydralisk x3  
  135  8:33  Hydralisk x3  
  127  8:41  Zergling x2  
  127  8:42  Zergling x8  
  127  8:48  Infestation Pit  
  125  8:56  Roach  
  125  8:57  Roach x5  
  137  9:11  Overlord x5  
  137  9:16  Zerg Missile Weapons Level 2  
  137  9:18  Evolution Chamber  
  136  9:25  Hatchery  
  136  9:26  Hydralisk  
  136  9:43  Drone x5  
  136  9:44  Drone x11  
  152  9:46  Zerg Ground Armor Level 1  
  152  9:49  Hatchery  
  152  9:50  Grooved Spines  
  151  10:01  Hydralisk x8  
  167  10:15  Hydralisk  
  167  10:16  Hydralisk x4  
  167  10:19  Overlord x4  
  167  10:20  Overlord  
  177  10:29  Spore Crawler  
  177  10:30  Spore Crawler  
  175  10:44  Hydralisk x4  
  175  10:45  Hydralisk x8  
  198  10:51  Overlord x2  
  198  10:53  Zergling x2  
  198  10:56  Spore Crawler x2  
  197  10:58  Spore Crawler x2  
  191  11:27  Extractor  
  191  11:28  Extractor  
  191  11:29  Spine Crawler x2, Drone  
  191  11:30  Drone x3  
  191  11:32  Hive  
  191  11:33  Pathogen Glands  
  191  11:35  Hydralisk x3  
  197  11:46  Zerg Ground Armor Level 2  
  197  11:51  Hydralisk  
  199  12:13  Hatchery  
  199  12:15  Spore Crawler  
  195  12:16  Spore Crawler  
  195  12:18  Spore Crawler x2  
  195  12:20  Spore Crawler, Drone x5  
  195  12:21  Drone x7  
  192  12:38  Hydralisk x4  
  198  12:46  Zerg Missile Weapons Level 3  
  148  13:16  Hydralisk x15  
  148  13:17  Hydralisk x6  
  154  13:28  Hydralisk x7  
  154  13:30  Infestor x2  
  164  13:35  Zergling x18  
  164  13:36  Zergling x26  
  186  13:42  Hydralisk x3  
  186  13:43  Hydralisk  
  192  13:49  Extractor  
  192  13:50  Extractor  
  190  14:02  Spore Crawler  
  189  14:03  Spore Crawler, Drone x2  
  189  14:04  Drone x6, Infestor  
  189  14:05  Spore Crawler, Infestor  
  189  14:08  Spore Crawler  
  198  14:11  Spore Crawler  
  198  14:12  Spore Crawler  
  198  14:13  Drone x3  
  198  14:15  Zerg Ground Armor Level 3  
  198  14:29  Infestor  
  198  14:30  Infestor  
  197  14:39  Infestor  
  197  14:44  Spore Crawler x2  
  197  14:48  Spore Crawler  
  197  14:49  Hydralisk x2, Spore Crawler  
  199  15:04  Drone  
  200  15:07  Extractor x2  
  200  15:10  Infestor  
  200  15:11  Hatchery  
  200  15:13  Spire  
  198  15:25  Infestor  
  198  15:28  Burrow  
  200  15:59  Spore Crawler  
  200  16:01  Spore Crawler  
  200  16:02  Spore Crawler x2  
  180  16:04  Spore Crawler  
  129  16:20  Hydralisk x11  
  129  16:21  Hydralisk x14  
  116  16:55  Hydralisk  
  116  16:56  Hydralisk x6  
  104  17:29  Hydralisk x6  
  102  17:49  Infestor x3  
  108  18:03  Infestor  
  108  18:04  Infestor x2  
  114  18:10  Infestor  
  116  18:17  Infestor x2  
  120  18:22  Infestor  
Show
View Real Time Build Order
Export as new Build Order

Melle Protoss - Winner!

Build Orders: Carriers 

Get SALT Encoding   

  12  0:00  Probe  
  13  0:12  Probe  
  14  0:19  Pylon  
  14  0:24  Probe  
  15  0:33  Probe  
  15  0:39  Gateway  
  15  0:41  Probe  
  17  0:54  Gateway  
  17  0:57  Probe  
  18  1:07  Assimilator  
  18  1:09  Probe  
  19  1:27  Cybernetics Core, Zealot  
  19  1:30  Pylon  
  22  1:40  Zealot  
  23  1:48  Probe  
  24  1:55  Adept  
  24  1:59  Adept  
  24  2:00  Probe  
  29  2:12  Probe  
  29  2:15  Pylon  
  30  2:20  Warp Gate  
  30  2:44  Nexus  
  30  2:48  Probe  
  31  2:52  Assimilator  
  31  3:10  Adept x2  
  29  3:25  Probe  
  27  3:28  Stargate  
  27  3:33  Probe  
  29  3:42  Probe  
  30  3:50  Gateway  
  30  3:51  Adept  
  30  3:52  Adept  
  30  3:54  Probe  
  33  3:58  Probe  
  33  4:01  Oracle  
  34  4:06  Probe  
  35  4:10  Probe  
  35  4:12  Assimilator  
  39  4:25  Probe x2  
  39  4:29  Assimilator  
  39  4:30  Stalker  
  43  4:33  Adept  
  43  4:37  Probe x2  
  47  4:41  Pylon  
  47  4:48  Probe  
  47  4:50  Void Ray  
  47  4:51  Probe  
  53  4:56  Probe  
  53  5:03  Probe  
  55  5:10  Probe  
  55  5:11  Fleet Beacon  
  56  5:14  Probe  
  56  5:20  Probe  
  57  5:23  Probe  
  57  5:25  Stargate  
  59  5:28  Probe  
  59  5:33  Pylon  
  60  5:36  Probe  
  61  5:43  Pylon  
  61  5:47  Tempest  
  66  5:59  Tempest  
  71  6:11  Nexus  
  71  6:13  Pylon  
  71  6:18  Protoss Air Weapons Level 1  
  71  6:21  Probe x2  
  73  6:27  Tempest  
  78  6:33  Probe  
  78  6:34  Probe  
  78  6:37  Adept  
  82  6:42  Pylon  
  82  6:55  Stargate  
  82  6:56  Carrier  
  82  6:59  Probe x2  
  84  7:05  Assimilator  
  84  7:06  Assimilator  
  90  7:27  Probe x2  
  98  7:30  Carrier  
  98  7:46  Carrier  
  105  7:58  Probe x2  
  105  8:02  Pylon x2  
  106  8:07  Probe  
  106  8:10  Probe x2  
  109  8:15  Forge  
  109  8:19  Shield Battery  
  109  8:20  Probe  
  109  8:22  Probe, Carrier  
  109  8:24  Sentry  
  109  8:26  Probe  
  118  8:27  Zealot  
  118  8:32  Probe  
  114  8:34  Protoss Air Weapons Level 2  
  109  8:42  Probe x2  
  109  8:44  Carrier  
  117  8:51  Probe  
  117  8:54  Probe x2, Carrier  
  117  9:03  Probe  
  117  9:06  Probe  
  119  9:12  Tempest  
  119  9:16  Shield Battery  
  125  9:19  Shield Battery  
  125  9:20  Pylon  
  125  9:39  Adept x2  
  125  9:44  Photon Cannon  
  125  9:45  Photon Cannon  
  129  9:51  Pylon  
  129  9:52  Pylon  
  129  10:01  Carrier  
  129  10:03  Robotics Facility  
  129  10:04  Carrier  
  129  10:06  Sentry  
  131  10:09  Twilight Council  
  143  10:16  Carrier  
  143  10:24  Pylon  
  144  10:47  Shield Battery, Photon Cannon  
  144  10:50  Photon Cannon  
  144  10:52  Observer  
  145  10:58  Stargate  
  145  11:00  Zealot  
  145  11:03  Tempest, Zealot  
  152  11:25  Tempest  
  157  11:32  Nexus  
  157  11:35  Pylon  
  157  11:38  Pylon  
  155  11:46  Templar Archives  
  155  11:48  Gateway  
  155  11:49  Gateway  
  155  11:51  Shield Battery, Pylon  
  155  11:55  Observer  
  155  11:56  Carrier  
  155  11:59  Protoss Shields Level 1  
  156  12:08  Protoss Air Weapons Level 3  
  162  12:11  Carrier  
  162  12:29  Adept x2  
  172  12:42  Psionic Storm  
  172  12:43  High Templar  
  174  12:46  Pylon  
  174  12:48  Pylon  
  174  12:52  Assimilator  
  174  12:55  Assimilator  
  160  13:06  Adept  
  160  13:07  Carrier  
  154  13:20  Probe x2, High Templar  
  154  13:21  Probe  
  154  13:26  Probe  
  144  13:28  Photon Cannon  
  144  13:29  Probe x2  
  144  13:33  Probe  
  145  13:34  Probe, Pylon  
  145  13:37  Probe, High Templar  
  148  13:42  Void Ray  
  148  13:44  Probe x2  
  148  13:47  Probe x2  
  152  13:55  High Templar  
  159  13:56  Probe x2  
  159  13:57  Void Ray  
  165  14:11  Probe  
  165  14:12  Probe  
  165  14:15  Probe x2  
  169  14:20  High Templar x2  
  173  14:25  Adept  
  175  14:34  Void Ray  
  179  14:40  Probe x3  
  179  14:41  Probe  
  183  14:46  Protoss Air Armor Level 1  
  183  14:55  Void Ray  
  183  14:56  Void Ray  
  183  14:59  Probe  
  192  15:00  Probe  
  192  15:06  High Templar  
  195  15:11  High Templar  
  195  15:12  Probe x3  
  200  15:25  Stargate  
  200  15:32  Observer  
  200  15:36  Protoss Shields Level 2, Photon Cannon  
  200  15:45  Dark Shrine  
  194  16:13  Carrier  
  190  16:20  Carrier  
  192  16:30  Adept x3  
  192  16:31  Adept  
  192  16:36  Probe  
  192  16:37  Probe x2  
  172  17:06  Void Ray  
  168  17:13  Void Ray x2  
  180  17:16  Nexus  
  170  17:28  Void Ray  
  158  17:38  High Templar x3  
  164  17:51  High Templar  
  166  18:04  Void Ray  
  169  18:13  High Templar x3  
  169  18:17  Tempest x2  
  185  18:21  Observer  
  185  18:26  High Templar  
  188  18:29  Probe  
  188  18:30  Probe x3  
  192  18:41  Probe  
  192  18:42  Probe  
Tags
 
Add a new tag
Caveats
  • Supply blocks, unpowered buildings, or Contaminate may cause inaccurate times.
  • Supply counts are checked every 10 seconds.